 Dungeon Crawl Stone Soup version 0.27.1-33-g824d729ab1 (webtiles) character file.

Game seed: 9273110284432949109

420 jlumianski the Chopper (level 6, -3/39 HPs)
             Began as a Gargoyle Monk on Dec 16, 2021.
             Slain by a yak (12 damage)
             ... on level 3 of the Dungeon.
             The game lasted 00:11:55 (4724 turns).

jlumianski the Chopper (Gargoyle Monk)              Turns: 4724, Time: 00:11:56

Health: -3/39      AC: 16    Str: 17    XL:     6   Next: 94%
Magic:  6/6        EV:  5    Int: 10    God:
Gold:   180        SH:  0    Dex: 12    Spells: 5/5 levels left

rFire    + . .     SeeInvis .   s - +0 war axe
rCold    . . .     Faith    .   (no shield)
rNeg     + . .     Spirit   .   m - +0 plate armour
rPois    ∞         Reflect  .   w - +0 helmet
rElec    +         Harm     .   (no cloak)
rCorr    .         Rampage  .   (no gloves)
Will     .....                  (no boots)
Stlth    ..........             o - amulet of the acrobat
HPRegen  0.13/turn              j - ring of protection from fire
MPRegen  0.10/turn              (no ring)

@: no status effects
A: sickness immunity, AC +4, negative energy resistance 1, electricity
resistance, torment resistance 1, petrification resistance
a: no special abilities


You were on level 3 of the Dungeon.
You visited 1 branch of the dungeon, and saw 5 of its levels.

You collected 180 gold pieces.

Inventory:

Hand Weapons
 a - a +0 hand axe
 s - a +0 war axe (weapon)
 t - a +0 spear of venom
 v - a +0 hunting sling
Missiles
 d - 77 sling bullets
 e - 65 stones (quivered)
 f - 18 bolts
Armour
 b - a +0 robe
 m - a +0 plate armour (worn)
 w - a +0 helmet (worn)
Magical Staves
 p - a staff of cold
Jewellery
 h - a ring of fire
 j - a ring of protection from fire (left hand)
 k - a ring of protection from fire
 o - an amulet of the acrobat (around neck)
Scrolls
 c - 4 scrolls of teleportation {unknown}
 g - a scroll of noise {unknown}
 i - a scroll of amnesia {unknown}
 l - 5 scrolls of identify {unknown}
Potions
 r - a potion of resistance {unknown}
 u - a potion of degeneration {unknown}


   Skills:
 + Level 4.5 Fighting
 + Level 5.1 Axes
 + Level 0.1(0.2) Slings
 + Level 0.3(0.4) Throwing
 + Level 2.7 Armour
 + Level 3.0 Dodging
 + Level 3.0 Stealth


You had 5 spell levels left.
You didn't know any spells.
Your spell library was empty.

Dungeon Overview and Level Annotations

Branches:
Dungeon (5/15)
 Temple: D:4-7

Altars:
Uskayaw

Portals:
Abyss: D:3

Annotations:
D:3 2 transporters, AgateBread's ghost, amateur OgHu


Innate Abilities, Weirdness & Mutations

You are immune to sickness and miasma.
Your stone body is resilient. (AC +4)
You are immune to poison.
You resist negative energy. (rN+)
You are resistant to electric shocks. (rElec)
You are resistant to unholy torment.
You are immune to petrification.


Message History

You hit the yak.
The yak is lightly wounded.
The yak gores you but does no damage. The yak gores you.
You hit the yak but do no damage.
The yak is lightly wounded.
The yak gores you but does no damage.
You hit the yak.
The yak is lightly wounded.
The yak gores you but does no damage.
Your plate armour prevents you from hitting the yak.
The yak is lightly wounded.
The yak gores you.
You hit the yak but do no damage.
The yak is lightly wounded.
The yak gores you but does no damage.
You hit the yak but do no damage.
The yak is lightly wounded.
The yak gores you. The yak gores you!
* * * LOW HITPOINT WARNING * * *
You closely miss the yak.
The yak is lightly wounded.
The yak gores you.
* * * LOW HITPOINT WARNING * * *
You barely miss the yak.
The yak is lightly wounded.
The yak gores you but does no damage.
Your plate armour prevents you from hitting the yak.
The yak is lightly wounded.
The yak gores you but does no damage.
You slash the yak!
The yak is moderately wounded.
The yak gores you.
* * * LOW HITPOINT WARNING * * *
The yak gores you but does no damage.
Your plate armour prevents you from hitting the yak.
The yak is moderately wounded.
The yak gores you.
* * * LOW HITPOINT WARNING * * *
It was a potion of curing.
You feel better. The yak gores you!
You die...

#...............###...####.#.....
÷................###.....#.#.....
.....................#.....#....#
.........................#.####.#
#......................#....# #.#
#......(................#...###.#
........................##.......
#.#.#.....##.#..........##....#.#
........#..#.#.Y@.......##.......
##..#..###..............##..#....
...#....#....#.........###.##...#
...........................#.....
.........................###.###.
.........................###.# #.
.#...........................###.
.##.......................#####..
.#.....#....#.............## #...


You could see a yak.

Vanquished Creatures
  A necrophage (D:5)
  A scorpion (D:4)
  2 hounds
  A jelly (D:4)
  An orc priest (D:4)
  An orc wizard (D:4)
  A hound zombie (D:3)
  5 adders
  A white imp (D:5)
  A worm (D:4)
  2 dart slugs
  An orc (D:4)
  7 bats
  4 endoplasms
  4 giant cockroaches
  11 hobgoblins
  2 quokkas
  3 ball pythons
  4 frilled lizards
  5 goblins
  6 kobolds
  6 rats
70 creatures vanquished.

Notes
Turn   | Place    | Note
-------+----------+-------------------------------------------
     0 | D:1      | jlumianski the Gargoyle Monk began the quest for the Orb.
     0 | D:1      | Reached XP level 1. HP: 14/14 MP: 1/1
   352 | D:1      | Reached XP level 2. HP: 19/19 MP: 2/2
   542 | D:1      | Found a faded altar of an unknown god.
   865 | D:1      | Reached skill level 3 in Axes
  1523 | D:2      | Reached XP level 3. HP: 21/24 MP: 3/3
  2384 | D:2      | Reached XP level 4. HP: 24/29 MP: 4/4
  3255 | D:3      | Found a transporter.
  3255 | D:3      | Found a transporter.
  3260 | D:3      | Noticed a small abomination
  3282 | D:3      | Found a one-way gate to the infinite horrors of the Abyss.
  3282 | D:3      | Noticed AgateBread's ghost (amateur OgHu)
  3284 | D:3      | Noticed a small abomination
  3454 | D:4      | Noticed a scorpion
  3459 | D:4      | Found a hide-covered altar of Uskayaw.
  3464 | D:4      | Killed a scorpion
  3465 | D:4      | Reached skill level 4 in Axes
  3465 | D:4      | Reached skill level 1 in Armour
  3465 | D:4      | Reached XP level 5. HP: 29/33 MP: 5/5
  3760 | D:5      | Entered Level 5 of the Dungeon
  3898 | D:4      | Reached XP level 6. HP: 25/39 MP: 6/6
  4053 | D:4      | HP: 2/58 [orc priest (3)]
  4361 | D:5      | Noticed a necrophage
  4374 | D:5      | Killed a necrophage
  4415 | D:5      | Reached skill level 5 in Axes
  4637 | D:4      | Noticed a yak
  4637 | D:4      | Noticed a yak
  4637 | D:4      | Noticed a yak
  4637 | D:4      | Noticed a yak
  4724 | D:3      | Slain by a yak

Illustrated notes

Levels and vault maps discovered:
D:1:      dpeg_arrival_arbitrary_c, layout_loops_ring, basic_ecumenical_altar
D:2:      layout_basic, minmay_fractal_squares_5
D:3:      layout_rooms, gammafunk_ghost_abyssal_escape
D:4:      layout_gridville, general_overflow_altar, nicolae_shop_clearance
D:5:      cheibrodos_iron_armory, layout_basic, nrook_campfire

Skill      XL: |  1  2  3  4  5  6 |
---------------+-------------------+-----
Axes           | 3 4 5 |  5.1
Fighting       | 4 |  4.5
Armour         | 1 2 |  2.7
Dodging        | 3 |  3.0
Stealth        | 3 |  3.0
Slings         | |  0.1
Throwing       | |  0.3

Action                   |  1- 3 |  4- 6 || total
-------------------------+-------+-------++-------
Melee: Hand axe          |   106 |    64 ||   170
       War axe           |       |   109 ||   109
 Fire: Hunting sling     |       |     4 ||     4
Throw: Stone             |       |    11 ||    11
  Use: Potion            |       |     2 ||     2
 Stab: Sleeping          |     2 |       ||     2
Armor: Robe              |    44 |       ||    44
       Plate armour      |       |   159 ||   159
Dodge: Dodged            |    96 |    59 ||   155
